 Dungeon Crawl Stone Soup version 0.32-a0-350-g4f4d228785 (webtiles) character file.

Game seed: 10186132694779622190

540159 cforsyth the Quintessent (level 27, -30/203 HPs)
             Began as a Djinni Fire Elementalist on Feb 17, 2024.
             Annihilated by an ettin
             ... wielding a +0 dire flail
              (64 damage)
             ... on level 5 of the Vaults.
             The game lasted 02:34:11 (64074 turns).

cforsyth the Quintessent (DjFE)                    Turns: 64074, Time: 02:34:11

Health: -30/203    AC: 10    Str:  7    XL:     27
Gold:   6838       EV: 25    Int: 32    God:
                   SH: 17    Dex: 18

rFire   + + +        a - +10 mace "Leviticus" {drain, rElec Int+3}
rCold   + . .        U - +1 kite shield {rC+}
rNeg    + . .        y - +1 robe {rC+ rF+}
rPois   ∞            h - +2 helmet {SInv}
rElec   +            C - +0 cloak of Cayki {rCorr}
rCorr   +            Z - +1 pair of gloves {Stlth+}
SInv    +            (boots unavailable)
Will    +++..        m - amulet of regeneration
Stlth   ++++++       W - ring of willpower
HPRegen 1.33/turn    N - ring of positive energy
MPRegen 0.00/turn

%: clarity, infuse magic (-31 HP)
@: flying, hasted, studying 3 skills, very quick
A: sickness immunity, fire resistance 2, cold vulnerability 1, float, innate
caster, HP casting, extra vitality 1, thin skeletal structure 1, clarity
}: 3/15 runes: barnacled, slimy, gossamer
a: no special abilities


You were on level 5 of the Vaults.
You visited 9 branches of the dungeon, and saw 46 of its levels.
You visited 1 bazaar.
You also visited: Trove, Bailey, Gauntlet, Ice Cave, Volcano and Wizlab.

You collected 8654 gold pieces.
You spent 1816 gold pieces at shops.


Innate Abilities, Weirdness & Mutations

You are immune to sickness and miasma.
You are immune to poison.
Your flesh is very heat resistant. (rF++)
You are vulnerable to cold. (rC-)
You float through the air rather than walking.
You learn spells naturally, not from books.
Your magical power is your life essence.
You have superior vitality. (+4 MHP)
You have a somewhat thin skeletal structure. (Dex +2, Stealth+)
You possess an exceptional clarity of mind.


   Skills:
 + Level 19.2 Fighting
 - Level 8.0 Armour
 - Level 21.1 Dodging
 - Level 8.0 Stealth
 - Level 21.2 Shields
 + Level 22.1 Spellcasting
 + Level 22.1 Conjurations
 + Level 22.1 Hexes
 + Level 22.1 Summonings
 + Level 22.1 Necromancy
 + Level 22.1 Translocations
 + Level 22.1 Fire Magic
 + Level 22.1 Ice Magic
 + Level 22.1 Air Magic
 + Level 22.1 Earth Magic
 O Level 27 Alchemy


You knew the following spells:

 Your Spells              Type           Power      Damage    Failure   Level
a - Mercury Vapours       Alch/Air       100%       N/A       0%          2
b - Sigil of Binding      Hex            100%       N/A       0%          3
c - Fireball              Conj/Fire      54%        3d21      0%          5
d - Bombard               Conj/Erth      54%        9d9       1%          6
e - Plasma Beam           Fire/Air       54%        2x1d69    1%          6
f - Foxfire               Conj/Fire      100%       2x1d9     0%          1
g - Infestation           Necr           54%        N/A       1%          8
h - Polar Vortex          Ice            54%        12d7*     16%         9
i - Alistair's Intoxicat  Alch           78%        N/A       0%          5
l - Summon Lightning Spi  Summ/Air       100%       N/A       0%          4
m - Magic Dart            Conj           100%       1d8       0%          1
n - Orb of Destruction    Conj           54%        9d14      1%          7
r - Inner Flame           Hex/Fire       100%       N/A       0%          3
B - Borgnjor's Revivific  Necr           54%        N/A       1%          8
D - Discord               Hex            54%        N/A       1%          8
X - Scorch                Fire           100%       2d9       0%          2
Y - Volatile Blastmotes   Fire/Tloc      100%       2d18      0%          3
Z - Flame Wave            Conj/Fire      100%       2d21      0%          4
Your spell library was empty.

Inventory:

Hand Weapons
 a - the +10 mace "Leviticus" (weapon) {drain, rElec Int+3}
   (You found it on level 2 of the Vaults)

   Int+3:     It affects your intelligence (+3).
   rElec:     It insulates you from electricity.
 t - the +9 sword of Zonguldrok {reap}
   (You found it in a treasure trove)
Armour
 h - a +2 helmet of see invisible (worn)
 y - a +1 robe of resistance (worn)
 C - the +0 cloak of Cayki (worn) {rCorr}
   (You found it on level 5 of the Pits of Slime)

   rCorr:     It protects you from acid and corrosion.
 S - a +0 cloak
 U - a +1 kite shield of cold resistance (worn)
 Z - a +1 pair of gloves of stealth (worn)
Jewellery
 e - the amulet of the Four Winds {rN+ Will+++ Clar}
   (You took it off a deep elf annihilator on level 3 of the Elven Halls)

   [amulet of nothing]

   rN+:       It protects you from negative energy.
   Will+++:   It greatly increases your willpower.
   Clar:      It protects you from confusion, rage, mesmerisation and fear.
 g - the amulet of Elemental Vulnerability {rPois rF-- rC-- AC+8}
   (You found it on level 2 of the Dungeon)

   [amulet of nothing]

   AC+8:      It affects your AC (+8).
   rF--:      It makes you very vulnerable to fire.
   rC--:      It makes you very vulnerable to cold.
   rPois:     It protects you from poison
 m - an amulet of regeneration (around neck)
 s - an amulet of reflection
 v - a ring of see invisible
 E - a +5 ring of evasion
 N - a ring of positive energy (right hand)
 R - a ring of resist corrosion
 W - a ring of willpower (left hand)
Wands
 j - a wand of mindburst (64)
 l - a wand of flame (131)
 q - a wand of iceblast (53)
 B - a wand of paralysis (82)
 D - a wand of polymorph (21)
 J - a wand of light (13)
 M - a wand of digging (18)
Scrolls
 c - 7 scrolls of enchant armour
 k - 7 scrolls of vulnerability
 n - 7 scrolls of fear
 o - 10 scrolls of fog
 p - 3 scrolls of revelation
 u - 16 scrolls of teleportation {@r2}
 z - 6 scrolls of immolation
 A - 11 scrolls of blinking
 F - 3 scrolls of silence {!r}
 H - 15 scrolls of poison
 O - 4 scrolls of summoning
 Q - a scroll of brand weapon
Potions
 b - 8 potions of attraction
 d - 10 potions of mutation
 f - 16 potions of curing {@q1}
 r - 4 potions of cancellation
 w - 4 potions of might
 x - 5 potions of brilliance
 G - 3 potions of invisibility
 K - a potion of berserk rage {!q}
 P - 4 potions of heal wounds {@q2}
 V - 9 potions of ambrosia
 Y - 3 potions of haste {@q3}
Miscellaneous
 i - a lightning rod (4/4)
 L - a tin of tremorstones (2/2)
 X - a phantom mirror

Dungeon Overview and Level Annotations

Branches:
Dungeon (15/15)            Temple (0/1) D:4            Lair (5/5) D:11
 Shoals (4/4) Lair:2       Spider (4/4) Lair:3        Slime (5/5) Lair:5
    Orc (2/2) D:12            Elf (3/3) Orc:2        Vaults (5/5) D:14
  Crypt (3/3) Vaults:2       Tomb (0/3) Crypt:3      Depths (0/4) D:15
 Bailey (visited)           IceCv (visited)         Volcano (visited)
 WizLab (visited)         Gauntlet (visited)

Altars:
Dithmenos
Fedhas
Gozag
Xom
The Shining One
Beogh
Jiyva

Shops:
D:10 ?=:   D:14 [   Orc:2 (:[*=[   Elf:1 =   Elf:2 (:=   Shoals:2 (

Annotations:
Elf:2 3 runed translucent doors
Vaults:2 3 runed translucent doors, Jeb Mum's ghost, veteran DsFE

░....░ ░....░ ░
░...T░ . .░.
░....░░░░░..
..c.░....░.....
..D............
░░░.[.[[[..░░░░░
.[....<<)C......
.....<[[@[.....)
.....[<<)[......
.....÷.[).......
░░░.....[...░░░░
............C
....░....[..░░c
....░....░.░░ ░
.. ░....░.░


You could see a shadow dragon, a frost giant, a deep troll earth mage, a
yaktaur, a neutral yaktaur captain (fast, strong, frenzied, distracted) and a
neutral ettin (fast, strong, frenzied).


Message History

Confirm with . or Enter, or press ? or * to list all spells.
Aiming: Bombard (safe; 1% risk of failure)
Press: ? - help, Shift-Dir - straight line, f/p - vault warden
Aim: a vault warden, wielding a +0 great mace and wearing a +0 chain mail (moderately wounded, fast, strong, frenzied and wild, unaware, 77% to hit)
The iron shot hits the vault warden!!
The vault warden is severely wounded.
* * * LOW HITPOINT WARNING * * *
The yaktaur shoots a bolt.
The bolt hits you!!
* * * LOW HITPOINT WARNING * * *
You block the ettin's attack. x2; You block the vault warden's attack.
Unknown command.
Unknown command.
You feel much better.
The yaktaur captain hits the shadow dragon!!
You block the ettin's attack. x2; The vault warden completely misses you.
A frost giant comes into view.
It is wielding a +1 battleaxe of freezing.
Casting: Bombard (safe; 1% risk of failure)
Confirm with . or Enter, or press ? or * to list all spells.
Aiming: Bombard (safe; 1% risk of failure)
Press: ? - help, Shift-Dir - straight line, f/p - vault warden
Aim: a vault warden, wielding a +0 great mace and wearing a +0 chain mail (severely wounded, fast, strong, frenzied and wild, 77% to hit)
The iron shot hits the vault warden!!!
You kill the vault warden!
The runic seals fade away.
* * * LOW HITPOINT WARNING * * *
The yaktaur captain hits the shadow dragon.
The ettin hits you with a +0 dire flail!
* * * LOW HITPOINT WARNING * * *
The ettin hits you with a +0 dire flail!!!
You die...

Skill      XL: |  1  2  3  4  5  6  7  8  9 10 11 12 13 14 15 16 17 18 19 20 21 22 23 24 25 26 27 |
---------------+----------------------------------------------------------------------------------+-----
Fighting       | 1 2 4 5 7 9 11 13 14 16 17 18 19 | 19.2
Spellcasting   | 4 5 6 7 9 10 11 12 14 15 16 17 18 19 20 21 22 | 22.1
Conjurations   | 4 5 6 7 9 10 11 12 14 15 16 17 18 19 20 21 22 | 22.1
Hexes          | 4 5 6 7 9 10 11 12 14 15 16 17 18 19 20 21 22 | 22.1
Summonings     | 4 5 6 7 9 10 11 12 14 15 16 17 18 19 20 21 22 | 22.1
Necromancy     | 4 5 6 7 9 10 11 12 14 15 16 17 18 19 20 21 22 | 22.1
Translocations | 4 5 6 7 9 10 11 12 14 15 16 17 18 19 20 21 22 | 22.1
Fire Magic     | 4 5 6 7 9 10 11 12 14 15 16 17 18 19 20 21 22 | 22.1
Ice Magic      | 4 5 6 7 9 10 11 12 14 15 16 17 18 19 20 21 22 | 22.1
Air Magic      | 4 5 6 7 9 10 11 12 14 15 16 17 18 19 20 21 22 | 22.1
Earth Magic    | 4 5 6 7 9 10 11 12 14 15 16 17 18 19 20 21 22 | 22.1
Alchemy        | 4 5 6 7 9 10 11 14 16 17 18 20 21 22 23 24 25 26 27 | 27.0
Shields        | 5 9 11 13 14 15 17 18 19 20 21 | 21.2
Dodging        | 3 7 10 12 14 15 17 18 20 21 | 21.1
Stealth        | 8 |  8.0
Armour         | 6 8 |  8.0

Action                     |  1- 3 |  4- 6 |  7- 9 | 10-12 | 13-15 | 16-18 | 19-21 | 22-24 | 25-27 || total
---------------------------+-------+-------+-------+-------+-------+-------+-------+-------+-------++-------
  Melee: Unarmed           |       |     3 |       |       |       |       |       |       |       ||     3
         Staff             |       |       |       |    10 |       |       |     1 |       |       ||    11
         Mace              |       |       |       |       |       |       |       |       |     1 ||     1
   Cast: Foxfire           |    77 |   136 |   183 |   510 |     1 |       |       |       |       ||   907
         Scorch            |       |     2 |     7 |   101 |    23 |       |       |       |       ||   133
         Summon Lightning  |       |       |     5 |    33 |    21 |    10 |     2 |       |       ||    71
         Flame Wave        |       |       |     1 |     2 |       |     1 |       |       |       ||     4
         Inner Flame       |       |       |       |    93 |   144 |    56 |     1 |       |       ||   294
         Magic Dart        |       |       |       |    20 |       |       |       |       |       ||    20
         Fireball          |       |       |       |       |   200 |   407 |   146 |     8 |     7 ||   768
         Bombard           |       |       |       |       |    40 |   185 |   141 |    64 |    79 ||   509
         Orb of Destructio |       |       |       |       |       |     8 |       |       |       ||     8
         Sigil of Binding  |       |       |       |       |       |     1 |       |       |       ||     1
         Plasma Beam       |       |       |       |       |       |       |   364 |   686 |   330 ||  1380
         Discord           |       |       |       |       |       |       |       |       |     3 ||     3
         Polar Vortex      |       |       |       |       |       |       |       |       |     1 ||     1
  Evoke: Wand              |       |       |       |       |       |       |     2 |     1 |       ||     3
    Use: Scroll            |       |       |       |    17 |     6 |     5 |     6 |     8 |     4 ||    46
         Potion            |       |       |       |     3 |       |     4 |     2 |     5 |    11 ||    25
 Armour: Robe              |       |     6 |    21 |    83 |    46 |   132 |    73 |   119 |    51 ||   531
         Leather armour    |       |       |       |    47 |       |       |       |       |       ||    47
         Ring mail         |       |       |       |       |     8 |       |       |       |       ||     8
  Dodge: Dodged            |       |     8 |    18 |    84 |    19 |   161 |    86 |   184 |    94 ||   654
  Block: Other             |       |       |       |     1 |       |       |       |       |       ||     1
         Reflection        |       |       |       |     1 |       |       |       |       |       ||     1
         Kite shield       |       |       |       |       |    16 |   138 |   110 |   225 |   117 ||   606

Levels and vault maps discovered:
D:1:      lemuel_arrival_rhombus, layout_rooms,
          hellmonk_ecumenical_altar_run_dry, minivault_14
D:2:      layout_basic
D:3:      layout_basic, uniq_natasha
D:4:      layout_loops_cross, temple_doors_e, hangedman_decor_lopped,
          uniq_edmund, uniq_blork_the_orc
D:5:      layout_gridville, nicolae_gozag_seed_capital,
          overflow_temple_1_default, uniq_pikel, uniq_grinder,
          uniq_prince_ribbit1
D:6:      minmay_general_purpose_star, layout_basic, tgw_fedhas,
          hangedman_glass_teeth, hangedman_decor_riveting, patterned_corridor
D:7:      layout_loops_ring, lightli_church_of_beogh
D:8:      layout_basic, serial_rivers, chequers_serial_rivers_large_a,
          chequers_serial_rivers_marsh, chequers_serial_rivers_room_a,
          chequers_serial_rivers_small_b, chequers_serial_rivers_micro_b,
          chequers_serial_rivers_marsh, enter_bailey_1,
          chequers_serial_rivers_large_b, hangedman_decor_opposing, uniq_amaemon
D:9:      layout_long_grid, grunt_decor_junction, uniq_maurice, uniq_jeremiah
D:10:     layout_irregular_city, mainiacjoe_overflow_small_starburst,
          serial_shops, shop, shop, shop, hangedman_abyss_or_decor_lesser_grid,
          minivault_20
D:11:     layout_roguey, dpeg_lair_monsters, uniq_harold, uniq_psyche
D:12:     layout_basic, hiddenorc1_lemuel, gammafunk_ghost_arena,
          nicolae_trove_entry_free_sample
D:13:     minmay_box_of_curves, layout_irregular_city
D:14:     layout_roguey, hangedman_vaults_entry_quadrant_bands,
          kennysheep_path_1, serial_shops, shop_statue,
          minmay_guarded_unrand_vampires_tooth, uniq_frances, uniq_kirke
D:15:     hellmonk_depths_entry_around_the_bend, layout_irregular_city,
          nicolae_dithmenos_through_a_glass_darkly, gauntlet_entry_generic,
          muffindrake_ghost_dual_entry, lemuel_flamethrower_3, uniq_azrael
Lair:1:   layout_gridlike, serial_bayou_shore_a, grunt_megastairs_2
Lair:2:   layout_long_grid, elwin_shoals_entry_stream, nicolae_lair_lindhole,
          grunt_megastairs_4, uniq_erica
Lair:3:   layout_roguey, nicolae_spider_entry_orb_guardian,
          portal_ice_cave_entry_pillars_1, grunt_megastairs_3,
          lemuel_fruit_tree, uniq_gastronok
Lair:4:   layout_gridlike
Lair:5:   evilmike_catoblepas_cave, layout_regular_city, slime_entry_1,
          nicolae_volcano_entry_s_turn, gammafunk_ghost_berserking_beasts
Shoals:1: layout_shoals
Shoals:2: layout_shoals, nicolae_shop_firing_range
Shoals:3: layout_shoals, st_shoals_ruin
Shoals:4: shoals_end_grunt_ice, layout_shoals, nicolae_shoals_mertower
Spider:1: layout_chambers, gammafunk_ghost_grave, uniq_jorgrun
Spider:2: layout_spider_delve, uniq_aizul
Spider:3: layout_spider_delve
Spider:4: spider_rune_water, uniq_arachne, uniq_mlioglotl
Slime:1:  layout_caves
Slime:2:  layout_caves
Slime:3:  layout_caves, nicolae_slime_welcoming_committee
Slime:4:  cheibrodos_slime_lost_civilization_8, layout_caves
Slime:5:  slime_pit_nicolae_trefoil
Orc:1:    gammafunk_beogh_shrine, layout_caves, gammafunk_ghost_split,
          regret_index_xom_of_box
Orc:2:    grunt_orc_gardens, layout_diamond_mine, grunt_orc_garden,
          grunt_orc_garden, grunt_orc_garden, grunt_orc_garden, serial_shops,
          nicolae_shop_temple_entry_statues_fountains, shop, mines2_lemuel,
          uniq_donald
Elf:1:    eino_elf_arrival_customs, layout_loops_ring, serial_shops, shop,
          nicolae_elf_blasts_and_bolts
Elf:2:    nicolae_elf_blades_splatter_lattice [nicolae_blade_entry_pointy_end],
          layout_loops_ring, serial_shops, bzr_firewalk,
          ebering_dispersal_statue_hall, minmay_shop_star
Elf:3:    minmay_elf_hall_x, layout_loops_cross, basic_altar,
          nrook_loot_triangle
Vaults:1: lemuel_angel_altar, nicolae_vaults_steering_wheel,
          dpeg_vaults_monster_box, nicolae_vaults_asterisk,
          nicolae_vaults_heart-shaped_vault, hangedman_vaults_locks,
          layout_vaults_omnigrid, uniq_zenata
Vaults:2: gammafunk_ghost_necromancy, v_alt_pattern_5,
          vaults_dpeg_emergency_exit, nicolae_vaults_sightless_eye,
          vaults_room_ringed_pool, nicolae_vaults_heist, v_rooms_5,
          nicolae_vaults_closet_pinwheel_5, nicolae_vaults_wrenched,
          nicolae_vaults_double_plus_2, vaults_mumra_lcd,
          nicolae_vaults_house_3, nicolae_vaults_double_plus_2,
          layout_vaults_chaotic_city, uniq_asterion
Vaults:3: nicolae_vaults_hallways_thing, v_misc_25, vaults_dpeg_spiral,
          nicolae_vaults_six-pack, nicolae_vaults_doubleplus_tesselated,
          nicolae_vaults_storage_closets_3, nicolae_vaults_octothorpe,
          vaults_room_semicircle, nicolae_vaults_crenellated_ambush, v_misc_28,
          vaults_room_pool, v_misc_18, nicolae_vaults_sesquioval_fish,
          nicolae_vaults_little_squares_3, nicolae_vaults_house_2, v_misc_25,
          layout_vaults_omnicross
Vaults:4: nicolae_vaults_thirteen_compartments, nicolae_vaults_little_squares_5,
          nicolae_vaults_trapezoid_lopsided_2, nicolae_vaults_closet_pinwheel_2,
          nicolae_vaults_little_squares_2, v_misc_5, v_misc_12, v_misc_24,
          nicolae_vaults_surprise_closet, nicolae_vaults_six-pack,
          nicolae_vaults_door_testing_chamber, vaults_dpeg_diagonal,
          layout_vaults_maze
Vaults:5
Crypt:1:  layout_chaotic_city, mu_enter_wizlab_3, grunt_ministairs_2
Crypt:2:  layout_misc_corridors, st_stairs_6,
          serial_library_hellmonk_reading_circle, nicolae_danse_macabre
Crypt:3:  grunt_crypt_end_deaths_head

Notes
Turn   | Place    | Note
-------+----------+-------------------------------------------
     0 | D:1      | cforsyth the Djinni Fire Elementalist began the quest for
                  | the Orb.
     0 | D:1      | cforsyth set off with the following spells memorised:
                  | Foxfire, Scorch, Volatile Blastmotes, Inner Flame, Flame
                  | Wave.
     0 | D:1      | Reached XP level 1. HP: 15/15 MP: 0/0
    12 | D:1      | Reached XP level 2. HP: 12/22 MP: 0/0
    15 | D:1      | Reached skill level 1 in Fighting
   204 | D:1      | Reached XP level 3. HP: 19/27 MP: 0/0
   204 | D:1      | Learned a level 1 spell: Magic Dart
   256 | D:1      | Found a faded altar of an unknown god.
   627 | D:1      | Reached skill level 2 in Fighting
   794 | D:2      | Reached XP level 4. HP: 30/33 MP: 0/0
   968 | D:2      | Reached XP level 5. HP: 32/40 MP: 0/0
   968 | D:2      | Learned a level 2 spell: Mercury Vapours
  1279 | D:2      | Reached skill level 3 in Fighting
  1358 | D:2      | Found the amulet of Elemental Vulnerability {rPois rF--
                  | rC-- AC+8}
  1402 | D:2      | Reached skill level 4 in Spellcasting
  1402 | D:2      | Reached skill level 4 in Conjurations
  1402 | D:2      | Reached skill level 4 in Hexes
  1402 | D:2      | Reached skill level 4 in Summonings
  1402 | D:2      | Reached skill level 4 in Necromancy
  1402 | D:2      | Reached skill level 4 in Translocations
  1402 | D:2      | Reached skill level 4 in Fire Magic
  1402 | D:2      | Reached skill level 4 in Ice Magic
  1402 | D:2      | Reached skill level 4 in Air Magic
  1402 | D:2      | Reached skill level 4 in Earth Magic
  1402 | D:2      | Reached skill level 4 in Alchemy
  1689 | D:3      | Noticed Natasha
  1693 | D:3      | Killed Natasha
  1828 | D:3      | Noticed Natasha
  1831 | D:3      | Killed Natasha
  1890 | D:3      | Noticed a phantom
  1912 | D:3      | Noticed Natasha
  1914 | D:3      | Killed a phantom
  1915 | D:3      | Reached skill level 4 in Fighting
  1915 | D:3      | Reached XP level 6. HP: 34/47 MP: 0/0
  1917 | D:3      | Killed Natasha
  2627 | D:4      | Reached XP level 7. HP: 46/53 MP: 0/0
  2627 | D:4      | Learned a level 3 spell: Sigil of Binding
  2653 | D:4      | Reached skill level 5 in Fighting
  2653 | D:4      | Reached skill level 5 in Spellcasting
  2653 | D:4      | Reached skill level 5 in Conjurations
  2653 | D:4      | Reached skill level 5 in Hexes
  2653 | D:4      | Reached skill level 5 in Summonings
  2653 | D:4      | Reached skill level 5 in Necromancy
  2653 | D:4      | Reached skill level 5 in Translocations
  2653 | D:4      | Reached skill level 5 in Fire Magic
  2653 | D:4      | Reached skill level 5 in Ice Magic
  2653 | D:4      | Reached skill level 5 in Air Magic
  2653 | D:4      | Reached skill level 5 in Earth Magic
  2653 | D:4      | Reached skill level 5 in Alchemy
  2743 | D:4      | Noticed Edmund
  2761 | D:4      | Killed Edmund
  2762 | D:4      | Reached XP level 8. HP: 37/61 MP: 0/0
  2837 | D:4      | Found a staircase to the Ecumenical Temple.
  2848 | D:4      | Noticed Blork the orc
  2855 | D:4      | Killed Blork the orc
  2856 | D:4      | Reached skill level 6 in Fighting
  3303 | D:5      | Entered Level 5 of the Dungeon
  3345 | D:5      | Noticed Pikel
  3364 | D:4      | Identified the +1 pair of boots of the Sturgeon {Dex+5}
  3436 | D:5      | Found an opulent altar of Gozag.
  3568 | D:5      | Noticed Grinder
  3575 | D:5      | Killed Grinder
  3576 | D:5      | Noticed Prince Ribbit
  3581 | D:5      | Killed Prince Ribbit
  3582 | D:5      | Reached skill level 7 in Fighting
  3582 | D:5      | Reached skill level 6 in Spellcasting
  3582 | D:5      | Reached skill level 6 in Conjurations
  3582 | D:5      | Reached skill level 6 in Hexes
  3582 | D:5      | Reached skill level 6 in Summonings
  3582 | D:5      | Reached skill level 6 in Necromancy
  3582 | D:5      | Reached skill level 6 in Translocations
  3582 | D:5      | Reached skill level 6 in Fire Magic
  3582 | D:5      | Reached skill level 6 in Ice Magic
  3582 | D:5      | Reached skill level 6 in Air Magic
  3582 | D:5      | Reached skill level 6 in Earth Magic
  3582 | D:5      | Reached skill level 6 in Alchemy
  3790 | D:5      | Reached XP level 9. HP: 63/68 MP: 0/0
  3790 | D:5      | Learned a level 4 spell: Summon Lightning Spire
  3888 | D:5      | Killed Pikel
  3889 | D:5      | Reached skill level 8 in Fighting
  3889 | D:5      | Reached skill level 7 in Spellcasting
  3889 | D:5      | Reached skill level 7 in Conjurations
  3889 | D:5      | Reached skill level 7 in Hexes
  3889 | D:5      | Reached skill level 7 in Summonings
  3889 | D:5      | Reached skill level 7 in Necromancy
  3889 | D:5      | Reached skill level 7 in Translocations
  3889 | D:5      | Reached skill level 7 in Fire Magic
  3889 | D:5      | Reached skill level 7 in Ice Magic
  3889 | D:5      | Reached skill level 7 in Air Magic
  3889 | D:5      | Reached skill level 7 in Earth Magic
  3889 | D:5      | Reached skill level 7 in Alchemy
  4406 | D:6      | Reached skill level 9 in Fighting
  4409 | D:6      | Reached XP level 10. HP: 19/78 MP: 0/0
  4501 | D:6      | Reached skill level 8 in Spellcasting
  4501 | D:6      | Reached skill level 8 in Conjurations
  4501 | D:6      | Reached skill level 8 in Hexes
  4501 | D:6      | Reached skill level 8 in Summonings
  4501 | D:6      | Reached skill level 8 in Necromancy
  4501 | D:6      | Reached skill level 8 in Translocations
  4501 | D:6      | Reached skill level 8 in Fire Magic
  4501 | D:6      | Reached skill level 8 in Ice Magic
  4501 | D:6      | Reached skill level 8 in Air Magic
  4501 | D:6      | Reached skill level 8 in Earth Magic
  4501 | D:6      | Reached skill level 8 in Alchemy
  4842 | D:6      | Found a blossoming altar of Fedhas.
  4853 | D:6      | Noticed an oklob plant
  5432 | D:7      | Reached skill level 10 in Fighting
  5752 | D:7      | Found a runed translucent door.
  6218 | D:7      | Found a roughly hewn altar of Beogh.
  6272 | D:8      | Noticed a gargoyle
  6483 | D:8      | Found a flagged portal.
  6492 | Bailey   | Entered a bailey
  6861 | Bailey   | Reached skill level 11 in Fighting
  6861 | Bailey   | Reached skill level 9 in Spellcasting
  6861 | Bailey   | Reached skill level 9 in Conjurations
  6861 | Bailey   | Reached skill level 9 in Hexes
  6861 | Bailey   | Reached skill level 9 in Summonings
  6861 | Bailey   | Reached skill level 9 in Necromancy
  6861 | Bailey   | Reached skill level 9 in Translocations
  6861 | Bailey   | Reached skill level 9 in Fire Magic
  6861 | Bailey   | Reached skill level 9 in Ice Magic
  6861 | Bailey   | Reached skill level 9 in Air Magic
  6861 | Bailey   | Reached skill level 9 in Earth Magic
  6861 | Bailey   | Reached skill level 9 in Alchemy
  7364 | Bailey   | Reached XP level 11. HP: 74/87 MP: 0/0
  7364 | Bailey   | Learned a level 5 spell: Alistair's Intoxication
  7804 | D:8      | Noticed Amaemon
  7815 | D:8      | Killed Amaemon
  7827 | D:8      | Reached skill level 12 in Fighting
  8509 | D:9      | Noticed Maurice
  8516 | D:9      | Killed Maurice
  8663 | D:9      | Noticed Jeremiah
  8673 | D:9      | Killed Jeremiah
  8729 | D:9      | Reached skill level 10 in Spellcasting
  8729 | D:9      | Reached skill level 10 in Conjurations
  8729 | D:9      | Reached skill level 10 in Hexes
  8729 | D:9      | Reached skill level 10 in Summonings
  8729 | D:9      | Reached skill level 10 in Necromancy
  8729 | D:9      | Reached skill level 10 in Translocations
  8729 | D:9      | Reached skill level 10 in Fire Magic
  8729 | D:9      | Reached skill level 10 in Ice Magic
  8729 | D:9      | Reached skill level 10 in Air Magic
  8729 | D:9      | Reached skill level 10 in Earth Magic
  8729 | D:9      | Reached skill level 10 in Alchemy
  9474 | D:10     | Entered Level 10 of the Dungeon
  9533 | D:10     | Found Ytai's Book Boutique.
  9749 | D:10     | Noticed a centaur warrior
  9749 | D:10     | Noticed a skeletal warrior
 10088 | D:10     | Killed a centaur warrior
 10351 | D:10     | Found Votsieg's Jewellery Shop.
 10369 | D:10     | Found a shadowy altar of Dithmenos.
 10453 | D:10     | Found Xetteew's Magic Scroll Emporium.
 10462 | D:10     | Bought a scroll of teleportation for 36 gold pieces
 10462 | D:10     | Bought a scroll of identify for 24 gold pieces
 10462 | D:10     | Bought a scroll of poison for 48 gold pieces
 10462 | D:10     | Bought a scroll of fog for 48 gold pieces
 10462 | D:10     | Bought a scroll of revelation for 90 gold pieces
 10525 | D:10     | Killed a skeletal warrior
 10526 | D:10     | Reached skill level 13 in Fighting
 10720 | D:10     | Reached XP level 12. HP: 82/98 MP: 0/0
 11055 | D:11     | HP: 8/98 [orc warrior/+0 flail (13)]
 11423 | D:11     | Noticed a death yak
 11440 | D:11     | Killed a death yak
 11521 | D:11     | Reached skill level 11 in Spellcasting
 11521 | D:11     | Reached skill level 11 in Conjurations
 11521 | D:11     | Reached skill level 11 in Hexes
 11521 | D:11     | Reached skill level 11 in Summonings
 11521 | D:11     | Reached skill level 11 in Necromancy
 11521 | D:11     | Reached skill level 11 in Translocations
 11521 | D:11     | Reached skill level 11 in Fire Magic
 11521 | D:11     | Reached skill level 11 in Ice Magic
 11521 | D:11     | Reached skill level 11 in Air Magic
 11521 | D:11     | Reached skill level 11 in Earth Magic
 11521 | D:11     | Reached skill level 11 in Alchemy
 11526 | D:11     | Found a staircase to the Lair.
 11526 | D:11     | Noticed Psyche
 11532 | D:11     | Killed Psyche
 11549 | D:11     | Noticed Harold
 11555 | D:11     | Killed Harold
 11556 | D:11     | Reached skill level 14 in Fighting
 11950 | D:12     | Noticed a two-headed ogre
 12013 | D:12     | Noticed a two-headed ogre
 12018 | D:12     | Killed a two-headed ogre
 12088 | D:12     | Killed a two-headed ogre
 12219 | D:12     | Noticed Bravepunisher's ghost (journeyman SpMo)
 12222 | D:12     | Found a transporter.
 12222 | D:12     | Noticed a crystal guardian
 12242 | D:12     | Found a transporter.
 12254 | D:12     | Noticed a boulder beetle
 12273 | D:12     | Killed a boulder beetle
 12382 | D:12     | Found a staircase to the Orcish Mines.
 12401 | D:12     | Found a portal to a secret trove of treasure.
 12409 | Trove    | Entered a treasure trove
 12409 | Trove    | Found the +9 sword of Zonguldrok {reap}
 12844 | Lair:1   | Entered Level 1 of the Lair of Beasts
 12854 | Lair:1   | Reached XP level 13. HP: 87/106 MP: 0/0
 12854 | Lair:1   | Learned a level 5 spell: Fireball
 12859 | Lair:1   | Reached skill level 12 in Alchemy
 12862 | Lair:1   | Reached skill level 15 in Fighting
 12876 | Lair:1   | Reached skill level 12 in Spellcasting
 12876 | Lair:1   | Reached skill level 12 in Conjurations
 12876 | Lair:1   | Reached skill level 12 in Hexes
 12876 | Lair:1   | Reached skill level 12 in Summonings
 12876 | Lair:1   | Reached skill level 12 in Necromancy
 12876 | Lair:1   | Reached skill level 12 in Translocations
 12876 | Lair:1   | Reached skill level 12 in Fire Magic
 12876 | Lair:1   | Reached skill level 12 in Ice Magic
 12876 | Lair:1   | Reached skill level 12 in Air Magic
 12876 | Lair:1   | Reached skill level 12 in Earth Magic
 13206 | Lair:1   | Identified a +1 robe of resistance
 13645 | Lair:2   | Reached skill level 13 in Alchemy
 13648 | Lair:2   | Noticed Erica
 13652 | Lair:2   | Killed Erica
 13802 | Lair:2   | Reached skill level 16 in Fighting
 13900 | Lair:2   | Noticed a seven-headed hydra
 13905 | Lair:2   | Killed a seven-headed hydra
 13938 | Lair:2   | Found a staircase to the Shoals.
 14108 | Lair:2   | Reached skill level 14 in Alchemy
 14109 | Lair:2   | Reached XP level 14. HP: 91/117 MP: 0/0
 14311 | Lair:2   | Reached skill level 13 in Spellcasting
 14311 | Lair:2   | Reached skill level 13 in Conjurations
 14311 | Lair:2   | Reached skill level 13 in Hexes
 14311 | Lair:2   | Reached skill level 13 in Summonings
 14311 | Lair:2   | Reached skill level 13 in Necromancy
 14311 | Lair:2   | Reached skill level 13 in Translocations
 14311 | Lair:2   | Reached skill level 13 in Fire Magic
 14311 | Lair:2   | Reached skill level 13 in Ice Magic
 14311 | Lair:2   | Reached skill level 13 in Air Magic
 14311 | Lair:2   | Reached skill level 13 in Earth Magic
 14675 | Lair:3   | Found a frozen archway.
 14690 | IceCv    | Entered an ice cave
 14948 | IceCv    | Reached skill level 17 in Fighting
 14951 | IceCv    | Reached skill level 15 in Alchemy
 15187 | IceCv    | Noticed a frost giant
 15191 | IceCv    | Killed a frost giant
 15192 | IceCv    | Reached skill level 2 in Shields
 15247 | IceCv    | Reached skill level 3 in Shields
 15411 | IceCv    | Reached skill level 4 in Shields
 15587 | Lair:3   | Found a hole to the Spider Nest.
 15618 | Lair:3   | Reached skill level 5 in Shields
 15751 | Lair:3   | Noticed Gastronok
 15759 | Lair:3   | Killed Gastronok
 15760 | Lair:3   | Reached skill level 14 in Spellcasting
 15760 | Lair:3   | Reached skill level 14 in Conjurations
 15760 | Lair:3   | Reached skill level 14 in Hexes
 15760 | Lair:3   | Reached skill level 14 in Summonings
 15760 | Lair:3   | Reached skill level 14 in Necromancy
 15760 | Lair:3   | Reached skill level 14 in Translocations
 15760 | Lair:3   | Reached skill level 14 in Fire Magic
 15760 | Lair:3   | Reached skill level 14 in Ice Magic
 15760 | Lair:3   | Reached skill level 14 in Air Magic
 15760 | Lair:3   | Reached skill level 14 in Earth Magic
 15760 | Lair:3   | Reached skill level 16 in Alchemy
 16260 | Lair:3   | Reached XP level 15. HP: 105/124 MP: 0/0
 16260 | Lair:3   | Learned a level 6 spell: Bombard
 16453 | Lair:4   | Reached skill level 6 in Shields
 16714 | Lair:4   | Reached skill level 7 in Shields
 17355 | Lair:5   | Entered Level 5 of the Lair of Beasts
 17390 | Lair:5   | Reached skill level 8 in Shields
 17390 | Lair:5   | Reached skill level 17 in Alchemy
 17396 | Lair:5   | Found a viscous altar of Jiyva.
 17396 | Lair:5   | Found a staircase to the Slime Pits.
 17445 | Lair:5   | Found a dark tunnel.
 17459 | Volcano  | Entered a volcano
 17966 | Lair:5   | Reached skill level 9 in Shields
 18009 | Lair:5   | Reached skill level 15 in Spellcasting
 18009 | Lair:5   | Reached skill level 15 in Conjurations
 18009 | Lair:5   | Reached skill level 15 in Hexes
 18009 | Lair:5   | Reached skill level 15 in Summonings
 18009 | Lair:5   | Reached skill level 15 in Necromancy
 18009 | Lair:5   | Reached skill level 15 in Translocations
 18009 | Lair:5   | Reached skill level 15 in Fire Magic
 18009 | Lair:5   | Reached skill level 15 in Ice Magic
 18009 | Lair:5   | Reached skill level 15 in Air Magic
 18009 | Lair:5   | Reached skill level 15 in Earth Magic
 18264 | Lair:5   | Reached skill level 3 in Dodging
 18390 | Lair:5   | Reached XP level 16. HP: 121/130 MP: 0/0
 18403 | Lair:5   | Reached skill level 4 in Dodging
 18500 | Lair:5   | Reached skill level 18 in Alchemy
 18507 | Lair:5   | Reached skill level 10 in Shields
 18755 | Lair:5   | Found a transporter.
 18771 | Lair:5   | Found a transporter.
 18774 | Lair:5   | Noticed mycrawlcharacter's ghost (journeyman MiBe)
 19359 | Orc:1    | Entered Level 1 of the Orcish Mines
 19383 | Orc:1    | Reached skill level 5 in Dodging
 19546 | Orc:1    | Found a runed translucent gate.
 19551 | Orc:1    | Found a runed translucent gate.
 19551 | Orc:1    | Noticed n00bmints's ghost (journeyman MiBe)
 19552 | Orc:1    | Found a runed translucent gate.
 19649 | Orc:1    | Found a shimmering altar of Xom.
 19823 | Orc:1    | Identified a +1 robe of resistance
 20023 | Orc:2    | Entered Level 2 of the Orcish Mines
 20024 | Orc:2    | Paralysed by an orc sorcerer for 5 turns
 20124 | Orc:2    | Found Dystapig's Antique Weapon Shoppe.
 20332 | Orc:1    | Reached skill level 6 in Dodging
 20435 | Orc:2    | Found a staircase to the Elven Halls.
 20552 | Orc:2    | Noticed Donald
 20557 | Orc:2    | Killed Donald
 20674 | Orc:2    | Reached skill level 11 in Shields
 20792 | Orc:2    | Found Nadou's Antique Armour Shoppe.
 20800 | Orc:2    | Found Ecvext's Book Shoppe.
 20802 | Orc:2    | Bought a heavily runed ring mail for 297 gold pieces
 20802 | Orc:2    | Identified the +0 ring mail of the Treeataur {Str+4} (You
                  | bought it in a shop on level 2 of the Orcish Mines)
 20902 | Orc:2    | Bought a twisted sling for 227 gold pieces
 20902 | Orc:2    | Identified the +11 sling "Qoczor" {flame, rF+} (You bought
                  | it in a shop on level 2 of the Orcish Mines)
 20925 | Orc:2    | Found Mothie's Jewellery Shoppe.
 20950 | Orc:2    | Found Xaywynile's Antique Armour Shoppe.
 20958 | Orc:2    | Bought a pair of embroidered gloves for 210 gold pieces
 21054 | Orc:2    | Found Ixzesig's General Store.
 21148 | Orc:1    | Reached skill level 7 in Dodging
 21195 | Orc:1    | Found a transporter.
 21200 | Orc:1    | Found a roughly hewn altar of Beogh.
 21200 | Orc:1    | Found a transporter.
 21678 | D:13     | Noticed a sphinx
 21681 | D:13     | Killed a sphinx
 21723 | D:13     | Noticed a storm dragon
 21878 | D:13     | Killed a storm dragon
 21879 | D:13     | Reached XP level 17. HP: 65/136 MP: 0/0
 21879 | D:13     | Learned a level 7 spell: Orb of Destruction
 21961 | D:13     | Reached skill level 19 in Alchemy
 22028 | D:13     | Reached skill level 8 in Dodging
 22748 | D:14     | Reached skill level 16 in Spellcasting
 22748 | D:14     | Reached skill level 16 in Conjurations
 22748 | D:14     | Reached skill level 16 in Hexes
 22748 | D:14     | Reached skill level 16 in Summonings
 22748 | D:14     | Reached skill level 16 in Necromancy
 22748 | D:14     | Reached skill level 16 in Translocations
 22748 | D:14     | Reached skill level 16 in Fire Magic
 22748 | D:14     | Reached skill level 16 in Ice Magic
 22748 | D:14     | Reached skill level 16 in Air Magic
 22748 | D:14     | Reached skill level 16 in Earth Magic
 22774 | D:14     | Noticed Kirke
 22788 | D:14     | Killed Kirke
 22789 | D:14     | Reached skill level 12 in Shields
 22913 | D:14     | Reached skill level 9 in Dodging
 22954 | D:14     | Noticed Frances
 22960 | D:14     | Killed Frances
 23339 | D:14     | Found a gate to the Vaults.
 23423 | D:14     | Found the +8 Vampire's Tooth {megavamp}
 23512 | D:14     | Found Iloe's Armour Shoppe.
 23526 | D:14     | Reached skill level 10 in Dodging
 23865 | D:15     | Entered Level 15 of the Dungeon
 23865 | D:15     | Noticed Azrael
 23969 | D:15     | Found a gate leading to a gauntlet.
 23982 | Gauntlet | Entered a Gauntlet
 23982 | Gauntlet | Found a transporter.
 23982 | Gauntlet | Found a transporter.
 24019 | Gauntlet | Found a transporter.
 24022 | Gauntlet | Found a transporter.
 24030 | Gauntlet | Found a transporter.
 24034 | Gauntlet | Found a transporter.
 24042 | Gauntlet | Found a transporter.
 24059 | Gauntlet | Found a runed translucent door.
 24062 | Gauntlet | Found a transporter.
 24064 | Gauntlet | Found a runed translucent door.
 24079 | Gauntlet | Found a transporter.
 24083 | Gauntlet | Found a transporter.
 24091 | Gauntlet | Found a transporter.
 24095 | Gauntlet | Found a transporter.
 24311 | Gauntlet | Identified the amulet "Nicsody" {Spirit rC+ Will+}
 24520 | D:15     | Reached skill level 13 in Shields
 24520 | D:15     | Reached skill level 20 in Alchemy
 24572 | D:15     | Found a runed translucent door.
 24578 | D:15     | Noticed HilariousDeathArtist's ghost (adept NaHu)
 24578 | D:15     | Noticed a lich
 24584 | D:15     | Found a runed translucent door.
 24941 | D:15     | Killed Azrael
 24945 | D:15     | Reached XP level 18. HP: 36/142 MP: 0/0
 25075 | D:15     | Found a shadowy altar of Dithmenos.
 25271 | D:15     | Found a staircase to the Depths.
 25564 | Spider:1 | Entered Level 1 of the Spider Nest
 25917 | Spider:1 | Noticed Jorgrun
 25928 | Spider:1 | Reached skill level 11 in Dodging
 25931 | Spider:1 | Killed Jorgrun
 26163 | Spider:1 | Found a runed translucent door.
 26163 | Spider:1 | Noticed Ceotz's ghost (adept MiFi)
 27337 | Spider:2 | Identified the serpent talisman "Atsydic" {rF++}
 27337 | Spider:2 | Noticed Aizul
 27348 | Spider:2 | Killed Aizul
 28163 | Spider:3 | Reached skill level 14 in Shields
 28381 | Spider:3 | Reached skill level 12 in Dodging
 28478 | Spider:3 | Reached skill level 17 in Spellcasting
 28478 | Spider:3 | Reached skill level 17 in Conjurations
 28478 | Spider:3 | Reached skill level 17 in Hexes
 28478 | Spider:3 | Reached skill level 17 in Summonings
 28478 | Spider:3 | Reached skill level 17 in Necromancy
 28478 | Spider:3 | Reached skill level 17 in Translocations
 28478 | Spider:3 | Reached skill level 17 in Fire Magic
 28478 | Spider:3 | Reached skill level 17 in Ice Magic
 28478 | Spider:3 | Reached skill level 17 in Air Magic
 28478 | Spider:3 | Reached skill level 17 in Earth Magic
 29043 | Spider:4 | Entered Level 4 of the Spider Nest
 29180 | Spider:4 | Noticed Arachne
 29565 | Spider:3 | Reached skill level 21 in Alchemy
 29968 | Spider:3 | Killed Arachne
 30238 | Spider:3 | Reached XP level 19. HP: 85/148 MP: 0/0
 30238 | Spider:3 | Learned a level 6 spell: Plasma Beam
 30439 | Spider:4 | Noticed Mlioglotl
 30443 | Spider:4 | Killed Mlioglotl
 30584 | Spider:4 | Reached skill level 13 in Dodging
 31128 | Spider:4 | Reached skill level 15 in Shields
 31543 | Spider:4 | Got a gossamer rune of Zot
 32180 | D:12     | Killed Bravepunisher's ghost
 32954 | Lair:5   | Killed mycrawlcharacter's ghost
 33304 | Orc:1    | Killed n00bmints's ghost
 33755 | Orc:1    | Reached skill level 14 in Dodging
 34041 | Spider:1 | Killed Ceotz's ghost
 34447 | D:15     | Killed a lich
 34810 | D:15     | Killed HilariousDeathArtist's ghost
 34913 | D:15     | Found a staircase to the Depths.
 34959 | D:15     | Found a shadowy altar of Dithmenos.
 35533 | Shoals:1 | Entered Level 1 of the Shoals
 35591 | Shoals:1 | Reached skill level 22 in Alchemy
 35839 | Shoals:1 | Reached XP level 20. HP: 131/155 MP: 0/0
 36447 | Shoals:2 | Reached skill level 16 in Shields
 36563 | Shoals:2 | Reached skill level 18 in Spellcasting
 36563 | Shoals:2 | Reached skill level 18 in Conjurations
 36563 | Shoals:2 | Reached skill level 18 in Hexes
 36563 | Shoals:2 | Reached skill level 18 in Summonings
 36563 | Shoals:2 | Reached skill level 18 in Necromancy
 36563 | Shoals:2 | Reached skill level 18 in Translocations
 36563 | Shoals:2 | Reached skill level 18 in Fire Magic
 36563 | Shoals:2 | Reached skill level 18 in Ice Magic
 36563 | Shoals:2 | Reached skill level 18 in Air Magic
 36563 | Shoals:2 | Reached skill level 18 in Earth Magic
 37210 | Shoals:2 | Found Naseyvadd's Firing Range.
 37417 | Shoals:3 | Reached skill level 15 in Dodging
 38220 | Shoals:4 | Entered Level 4 of the Shoals
 38894 | Shoals:4 | Identified a +0 tower shield of resistance
 39473 | Shoals:4 | Reached skill level 17 in Shields
 39473 | Shoals:4 | Reached XP level 21. HP: 134/160 MP: 0/0
 39473 | Shoals:4 | Learned a level 8 spell: Borgnjor's Revivification
 39475 | Shoals:4 | Reached skill level 16 in Dodging
 39475 | Shoals:4 | Reached skill level 23 in Alchemy
 40079 | Shoals:4 | Got a barnacled rune of Zot
 40208 | Shoals:4 | Identified the +9 spear "Sudouceo" {flame, rPois rC+ Dex+2}
 40551 | Vaults:1 | Entered Level 1 of the Vaults
 40854 | Vaults:1 | Noticed Zenata
 41169 | Vaults:1 | Killed Zenata
 41939 | Vaults:1 | You are sucked into a shaft and drop 1 floor!
 41957 | Vaults:2 | Found a staircase to the Crypt.
 41962 | Vaults:2 | Reached skill level 17 in Dodging
 42126 | Vaults:1 | Found a glowing golden altar of the Shining One.
 42437 | Vaults:2 | Noticed Asterion
 42440 | Vaults:2 | Killed Asterion
 42553 | Vaults:2 | Reached skill level 19 in Spellcasting
 42553 | Vaults:2 | Reached skill level 19 in Conjurations
 42553 | Vaults:2 | Reached skill level 19 in Hexes
 42553 | Vaults:2 | Reached skill level 19 in Summonings
 42553 | Vaults:2 | Reached skill level 19 in Necromancy
 42553 | Vaults:2 | Reached skill level 19 in Translocations
 42553 | Vaults:2 | Reached skill level 19 in Fire Magic
 42553 | Vaults:2 | Reached skill level 19 in Ice Magic
 42553 | Vaults:2 | Reached skill level 19 in Air Magic
 42553 | Vaults:2 | Reached skill level 19 in Earth Magic
 42701 | Vaults:2 | Identified the +7 short sword "Qamu" {heavy, rN+ Int+4}
 42769 | Vaults:2 | Reached skill level 18 in Shields
 43084 | Vaults:2 | Reached XP level 22. HP: 140/166 MP: 0/0
 43637 | Vaults:2 | Reached skill level 24 in Alchemy
 43682 | Vaults:2 | Found a runed translucent gate.
 43683 | Vaults:2 | Found a runed translucent gate.
 43683 | Vaults:2 | Found a runed translucent gate.
 43817 | Vaults:2 | Noticed Jeb Mum's ghost (veteran DsFE)
 44633 | Vaults:3 | Noticed a golden dragon
 44636 | Vaults:3 | Killed a golden dragon
 44797 | Vaults:3 | Reached skill level 18 in Dodging
 46081 | Vaults:4 | Reached skill level 19 in Shields
 46548 | Vaults:4 | Identified the +6 scale mail of Beyond {rPois Dex-2 Slay+3}
 46580 | Vaults:4 | Reached XP level 23. HP: 148/172 MP: 0/0
 46580 | Vaults:4 | Learned a level 8 spell: Infestation
 46824 | Vaults:5 | Entered Level 5 of the Vaults
 46825 | Vaults:5 | Noticed a golden dragon
 47070 | Vaults:2 | Identified the +10 mace "Leviticus" {drain, rElec Int+3}
 47428 | Elf:1    | Entered Level 1 of the Elven Halls
 47528 | Elf:1    | Reached skill level 19 in Dodging
 47534 | Elf:1    | Reached skill level 25 in Alchemy
 47997 | Elf:1    | Reached skill level 20 in Spellcasting
 47997 | Elf:1    | Reached skill level 20 in Conjurations
 47997 | Elf:1    | Reached skill level 20 in Hexes
 47997 | Elf:1    | Reached skill level 20 in Summonings
 47997 | Elf:1    | Reached skill level 20 in Necromancy
 47997 | Elf:1    | Reached skill level 20 in Translocations
 47997 | Elf:1    | Reached skill level 20 in Fire Magic
 47997 | Elf:1    | Reached skill level 20 in Ice Magic
 47997 | Elf:1    | Reached skill level 20 in Air Magic
 47997 | Elf:1    | Reached skill level 20 in Earth Magic
 48235 | Elf:1    | Found Uhumid's Jewellery Shop.
 48556 | Elf:2    | Found a flickering gateway to a bazaar.
 48574 | Elf:2    | Paralysed by an air elemental for 1 turns
 48589 | Bazaar   | Entered a bazaar
 48667 | Bazaar   | Found Xekor's Distillery.
 48671 | Bazaar   | Bought a potion of curing for 21 gold pieces
 48671 | Bazaar   | Bought a potion of curing for 21 gold pieces
 48671 | Bazaar   | Bought a potion of curing for 21 gold pieces
 48671 | Bazaar   | Bought a potion of haste for 70 gold pieces
 48678 | Bazaar   | Found Juc Fea's Magic Scroll Shoppe.
 48686 | Bazaar   | Bought a scroll of teleportation for 39 gold pieces
 48686 | Bazaar   | Bought a scroll of teleportation for 39 gold pieces
 48686 | Bazaar   | Bought a scroll of blinking for 97 gold pieces
 48686 | Bazaar   | Bought a scroll of summoning for 123 gold pieces
 48700 | Bazaar   | Found Waheaxt's Magic Scroll Shoppe.
 48708 | Bazaar   | Bought a scroll of revelation for 135 gold pieces
 48708 | Bazaar   | Bought a scroll of teleportation for 54 gold pieces
 48720 | Bazaar   | Found Unkolom's Distillery.
 48725 | Bazaar   | Bought a potion of cancellation for 96 gold pieces
 48725 | Bazaar   | Bought a potion of haste for 120 gold pieces
 48821 | Elf:2    | Found Vethreisep's Weapon Shop.
 48823 | Elf:2    | Found Faumol's Book Boutique.
 48825 | Elf:2    | Found Ulocood's Jewellery Shop.
 48970 | Elf:2    | Found a runed translucent gate.
 48970 | Elf:2    | Found a runed translucent gate.
 48980 | Elf:2    | Found a runed translucent gate.
 49374 | Elf:3    | Entered Level 3 of the Elven Halls
 49914 | Elf:3    | Identified the +1 leather armour "Guossaah" {+Blink rElec
                  | rN+ Slay-5}
 49959 | Elf:3    | Reached skill level 20 in Shields
 50388 | Elf:3    | Identified the +2 morningstar of Intuition {vamp, Int+3}
 50393 | Elf:3    | Reached skill level 20 in Dodging
 50395 | Elf:3    | Identified the ring "Kygy" {Ice rN+ Will+ Slay+4}
 50428 | Elf:3    | Reached XP level 24. HP: 152/179 MP: 0/0
 50589 | Elf:3    | Identified the +7 spear "Viydosem" {elec, rC+ Int+3 SInv}
 50614 | Elf:3    | Identified the +8 dagger of Jaffiug {venom, Will+}
 51533 | Slime:1  | Entered Level 1 of the Pits of Slime
 52689 | Slime:3  | Reached skill level 26 in Alchemy
 53872 | Slime:5  | Entered Level 5 of the Pits of Slime
 54066 | Slime:5  | Noticed the Royal Jelly
 54272 | Slime:4  | Gained mutation: Your health recovers twice as slowly from
                  | being drained. [a shining eye]
 56421 | Slime:4  | Reached skill level 21 in Shields
 56528 | Slime:5  | Reached skill level 21 in Dodging
 56793 | Slime:5  | Killed the Royal Jelly
 56794 | Slime:5  | Reached skill level 21 in Spellcasting
 56794 | Slime:5  | Reached skill level 21 in Conjurations
 56794 | Slime:5  | Reached skill level 21 in Hexes
 56794 | Slime:5  | Reached skill level 21 in Summonings
 56794 | Slime:5  | Reached skill level 21 in Necromancy
 56794 | Slime:5  | Reached skill level 21 in Translocations
 56794 | Slime:5  | Reached skill level 21 in Fire Magic
 56794 | Slime:5  | Reached skill level 21 in Ice Magic
 56794 | Slime:5  | Reached skill level 21 in Air Magic
 56794 | Slime:5  | Reached skill level 21 in Earth Magic
 57372 | Slime:5  | Identified the +0 cloak of Cayki {rCorr}
 57404 | Slime:5  | Identified the +2 spear of Extremism {flame, rC+ Will++
                  | Str+2 Int-4}
 57442 | Slime:5  | Identified the +9 flail of Invincibility {flame, Int+5
                  | Dex+3 Stlth+}
 57457 | Slime:5  | Identified a potion of experience
 57458 | Slime:5  | Identified a scroll of acquirement
 57467 | Slime:5  | Identified the +1 rapier of Puxzet {venom, ^Fragile Str+3
                  | Dex+8 Stlth+}
 57534 | Slime:5  | Got a slimy rune of Zot
 57897 | Slime:5  | Acquired a manual of Stealth
 58185 | Crypt:1  | Entered Level 1 of the Crypt
 58189 | Crypt:1  | Reached XP level 25. HP: 174/184 MP: 0/0
 58189 | Crypt:1  | Learned a level 8 spell: Discord
 58198 | Crypt:1  | Reached skill level 2 in Stealth
 58206 | Crypt:1  | Reached skill level 1 in Armour
 58221 | Crypt:1  | Noticed a curse skull
 58234 | Crypt:1  | Killed a curse skull
 58239 | Crypt:1  | Reached skill level 3 in Stealth
 58312 | Crypt:1  | Reached skill level 2 in Armour
 58409 | Crypt:1  | Found a magical portal.
 58418 | WizLab   | Entered Doroklohe's Tomb
 58537 | WizLab   | Reached skill level 4 in Stealth
 58600 | WizLab   | Noticed an ancient lich
 58612 | WizLab   | Killed an ancient lich
 58613 | WizLab   | Reached skill level 3 in Armour
 58746 | WizLab   | HP: 16/185 [something (19)]
 59044 | Crypt:1  | Reached skill level 5 in Stealth
 59717 | Crypt:2  | Reached skill level 27 in Alchemy
 59720 | Crypt:2  | Reached skill level 4 in Armour
 59733 | Crypt:2  | Reached skill level 6 in Stealth
 60152 | Crypt:1  | Lost mutation: Your health recovers twice as slowly from
                  | being drained. [potion of mutation]
 60152 | Crypt:1  | Gained mutation: You have a pair of small horns on your
                  | head. [potion of mutation]
 60152 | Crypt:1  | Gained mutation: You are dopey. (Int -2) [potion of
                  | mutation]
 60153 | Crypt:1  | Lost mutation: You are dopey. (Int -2) [potion of mutation]
 60153 | Crypt:1  | Lost mutation: You have a pair of small horns on your head.
                  | [potion of mutation]
 60153 | Crypt:1  | Gained mutation: You have a somewhat thin skeletal
                  | structure. (Dex +2, Stealth+) [potion of mutation]
 60153 | Crypt:1  | Gained mutation: You possess an exceptional clarity of
                  | mind. [potion of mutation]
 60464 | Crypt:2  | Identified the +0 chain mail of Follow the Leader {Dex+5}
 60570 | Crypt:2  | Reached skill level 5 in Armour
 60666 | Crypt:2  | Reached skill level 7 in Stealth
 61147 | Crypt:3  | Entered Level 3 of the Crypt
 61988 | Crypt:3  | Reached skill level 8 in Stealth
 61992 | Crypt:3  | Reached skill level 18 in Fighting
 62089 | Crypt:3  | Reached skill level 6 in Armour
 62252 | Crypt:3  | Reached XP level 26. HP: 142/193 MP: 0/0
 62473 | Crypt:3  | Noticed Jory
 62478 | Crypt:3  | Killed Jory
 62479 | Crypt:3  | Reached skill level 7 in Armour
 62587 | Crypt:3  | Found a staircase to the Tomb.
 63111 | Vaults:4 | Reached skill level 8 in Armour
 63111 | Vaults:4 | Reached XP level 27. HP: 201/201 MP: 0/0
 63111 | Vaults:4 | Learned a level 9 spell: Polar Vortex
 63217 | Vaults:5 | Noticed a dread lich
 63222 | Vaults:4 | Reached skill level 22 in Spellcasting
 63222 | Vaults:4 | Reached skill level 22 in Conjurations
 63222 | Vaults:4 | Reached skill level 22 in Hexes
 63222 | Vaults:4 | Reached skill level 22 in Summonings
 63222 | Vaults:4 | Reached skill level 22 in Necromancy
 63222 | Vaults:4 | Reached skill level 22 in Translocations
 63222 | Vaults:4 | Reached skill level 22 in Fire Magic
 63222 | Vaults:4 | Reached skill level 22 in Ice Magic
 63222 | Vaults:4 | Reached skill level 22 in Air Magic
 63222 | Vaults:4 | Reached skill level 22 in Earth Magic
 63489 | Vaults:4 | Killed a dread lich
 63490 | Vaults:4 | Reached skill level 19 in Fighting
 64074 | Vaults:5 | Annihilated by an ettin

Vanquished Creatures
  the Royal Jelly (Slime:5)
  A dread lich (Vaults:4)
  An ancient lich (WizLab)
  Jory (Crypt:3)
  A profane servitor (Crypt:3)
  2 golden dragons
  Arachne (Spider:3)
  A bone dragon (Crypt:3)
  2 tentacled monstrosities (Vaults:4)
  Jorgrun (Spider:1)
  Zenata (Vaults:1)
  2 liches
  The ghost of Ceotz the Warrior, an adept MiFi of Okawaru (Spider:1)
  Asterion (Vaults:2)
  The ghost of HilariousDeathArtist the Warrior, an adept NaHu of Trog (D:15)
  20 acid blobs
  Mlioglotl (Spider:4)
  A deep elf blademaster (Elf:3)
  3 sphinxes
  6 ancient champions
  Frances (D:14)
  A kraken (Shoals:3)
  Kirke (D:14)
  A tengu reaver (Vaults:4)
  2 storm dragons
  Gastronok (Lair:3)
  A revenant (Crypt:3)
  10 rockslimes
  Donald (Orc:2)
  Aizul (Spider:2)
  4 emperor scorpions
  A fire giant (D:13)
  5 deep elf sorcerers (Elf:3)
  10 azure jellies
  A reaper (Crypt:2)
  11 vault wardens
  A curse skull (Crypt:1)
  2 frost giants
  4 deep elf elementalists
  2 ghost moths (Spider:4)
  5 orc warlords
  A broodmother (Spider:1)
  6 ghouls
  17 ironbound preservers
  12 ironbound thunderhulks
  17 quicksilver oozes
  15 formless jellyfish
  9 vampire knights
  A deep elf demonologist (Elf:3)
  7 deep elf annihilators
  10 deep elf death magi
  5 dire elephants
  The ghost of mycrawlcharacter the Axe Maniac, a journeyman MiBe of Trog (Lair:5)
  2 war gargoyles
  Azrael (D:15)
  A minotaur (Gauntlet)
  5 spark wasps
  4 ettins
  8 merfolk javelineers
  2 eidola (Crypt:1)
  4 mummy priests (WizLab)
  13 merfolk impalers
  2 crystal guardians
  7 entropy weavers
  23 jiangshi
  3 deep elf high priests (Elf:3)
  The ghost of n00bmints the Bludgeoner, a journeyman MiBe of Trog (Orc:1)
  8 vault guards
  9 yaktaur captains
  13 great orbs of eyes
  5 hydras
  Harold (D:11)
  3 rakshasas
  A peacekeeper (Vaults:3)
  A juggernaut simulacrum (Crypt:3)
  7 ironbound frosthearts
  3 ogre magi
  3 merfolk avatars (Shoals:4)
  3 jorogumos
  2 radroaches
  12 centaur warriors
  22 death yaks
  7 boulder beetles
  4 catoblepae (Lair:5)
  3 merfolk aquamancers
  17 dancing weapons
  5 death knights
  6 two-headed ogres
  Erica (Lair:2)
  A death scarab (Spider:3)
  4 satyrs
  3 alligator snapping turtles (Shoals:4)
  6 demonic crawlers
  A tengu warrior (D:15)
  The ghost of Bravepunisher the Coward, a journeyman SpMo of Okawaru (D:12)
  A deep troll earth mage (D:15)
  4 vampire magi
  A soul eater (Crypt:1)
  2 orc high priests (Orc:1)
  2 occultists (Volcano)
  2 hell knights (Crypt:3)
  4 skysharks
  Amaemon (D:8)
  17 deep elf knights
  4 shadow wraiths
  48 skeletal warriors
  A fire crab (shapeshifter) (Elf:2)
  2 pharaoh ants (Spider:3)
  A spark wasp zombie (WizLab)
  36 deep trolls
  6 orb spiders
  5 arcanists
  3 glowing orange brains
  A death drake (Shoals:1)
  18 sea snakes
  7 bog bodies
  9 orc knights
  5 flayed ghosts
  13 ironbound convokers
  A tengu zombie (WizLab)
  16 deep elf archers
  Pikel (D:5)
  A sun moth (Spider:4)
  6 steelbarb worms
  27 deep elf zephyrmancers
  A shadow dragon skeleton (Crypt:1)
  9 lindwurms
  4 phantasmal warriors (Crypt:2)
  2 necromancers
  A large abomination (Crypt:3)
  3 oklob plants
  18 cyclopes
  19 harpies
  12 fauns
  33 deep elf pyromancers
  16 wolf spiders
  9 orc sorcerers
  2 frost giant zombies (WizLab)
  12 shining eyes
  30 ugly things
  15 manticores
  Maurice (D:9)
  8 merfolk sirens
  5 toenail golems (Volcano)
  6 meliai
  3 moths of wrath
  5 black mambas
  A demonspawn zombie (WizLab)
  141 slime creatures
  20 vault sentinels
  3 elephants (Lair:4)
  An apocalypse crab (Gauntlet)
  An ice statue (IceCv)
  A stone giant skeleton (Crypt:3)
  2 water nymphs
  3 kobold blastminers
  An iron dragon skeleton (Crypt:2)
  7 gargoyles
  3 molten gargoyles (Lair:4)
  8 torpor snails
  22 cane toads
  2 orange demons
  18 yaktaurs
  A cane toad (shapeshifter) (D:14)
  6 freezing wraiths
  2 unseen horrors
  A human zombie (WizLab)
  Jeremiah (D:9)
  Psyche (D:11)
  7 rime drakes (IceCv)
  8 komodo dragons
  An efreet (D:13)
  A yellow draconian skeleton (Crypt:1)
  5 polar bears (IceCv)
  A death drake zombie (Crypt:2)
  5 guardian mummies (WizLab)
  2 trolls
  41 merfolk
  Grinder (D:5)
  2 tyrant leeches (D:14)
  A raiju (Orc:1)
  3 glass eyes
  Prince Ribbit (D:5)
  A glass eye (shapeshifter) (Vaults:4)
  5 hornets (Spider:4)
  32 tarantellas
  5 wind drakes
  An ettin zombie (WizLab)
  9 dream sheep
  22 blink frogs
  2 spriggan zombies
  A guardian serpent skeleton (Crypt:1)
  9 snapping turtles
  3 air elementals (Elf:2)
  19 culicivoras
  A centaur simulacrum (D:15)
  29 jumping spiders
  2 yaks (shapeshifter)
  4 shadows
  14 wraiths
  7 wyverns
  51 yaks
  A black mamba zombie (Crypt:1)
  4 vampires
  18 water elementals
  3 basilisks
  3 fire bats
  5 hogs (D:14)
  4 humans (Volcano)
  9 fire elementals
  3 wargs
  31 redbacks
  8 golden eyes (Slime:1)
  7 vampire mosquitoes
  Edmund (D:4)
  11 water moccasins
  4 hell hounds
  2 acid dragons
  A faun skeleton (Crypt:1)
  5 black bears
  2 ice beasts (D:6)
  A black bear (shapeshifter) (D:15)
  40 orc warriors
  32 laughing skulls
  15 ogres
  A boggart (D:14)
  26 wolves
  A blink frog skeleton (Crypt:1)
  2 phantoms
  A rime drake zombie (Crypt:2)
  3 weeping skulls (Crypt:3)
  6 kobold brigands
  19 bullfrogs
  A fire crab zombie (Crypt:2)
  Blork the orc (D:4)
  6 small abominations
  An earth elemental (Elf:1)
  10 gnoll sergeants
  2 elf skeletons (Crypt:2)
  A scorpion (D:7)
  4 burial acolytes (Crypt:3)
  10 wights
  A polar bear zombie (Crypt:1)
  12 killer bees (D:9)
  A troll skeleton (Crypt:2)
  3 electric eels
  10 howler monkeys
  2 bombardier beetles
  3 hounds
  9 gnoll boudas
  10 jellies
  23 orc priests
  3 sleepcaps
  Natasha (thrice) (D:3)
  2 iguanas
  A basilisk skeleton (Crypt:2)
  25 orc wizards
  A boggart simulacrum (D:13)
  31 gnolls
  3 adders
  A steam dragon zombie (Crypt:1)
  A ribbon worm (D:3)
  3 dart slugs
  112 orcs
  4 ball pythons
  3 bats
  7 endoplasms
  3 giant cockroaches (D:1)
  7 goblins
  6 hobgoblins
  3 jackals (D:1)
  3 quokkas
  23 kobolds
  A quokka zombie (Crypt:2)
  5 rats
2075 creatures vanquished.

Vanquished Creatures (collateral kills)
  A titan (Vaults:5)
  A quicksilver dragon (Vaults:5)
  A sphinx (D:13)
  A vault warden (Vaults:5)
  An ironbound preserver (Vaults:5)
  A very ugly thing (Vaults:5)
  19 vault guards
  A death knight (D:13)
  2 boulder beetles
  A centaur warrior (D:13)
  A two-headed ogre (D:12)
  7 death yaks
  A skeletal warrior (D:10)
  2 deep trolls (Vaults:5)
  A deep elf zephyrmancer (D:14)
  An ironbound convoker (Vaults:5)
  A phantasmal warrior (Vaults:5)
  A wolf spider (Spider:2)
  An orc knight (Orc:2)
  A gargoyle (D:8)
  2 black mambas
  A cane toad (Lair:5)
  2 kobold demonologists (D:11)
  A tengu conjurer (D:13)
  A yaktaur (Vaults:5)
  3 trolls
  2 blink frogs (Lair:1)
  7 yaks
  A human (Volcano)
  A basilisk (Lair:2)
  A water moccasin (Lair:2)
  A wolf (Lair:5)
  A centaur (D:5)
  A phantom (D:5)
  2 orc priests (D:12)
  An iguana (D:6)
  2 orc wizards (D:11)
  3 gnolls
  4 orcs
83 creatures vanquished.

Vanquished Creatures (others)
  A vault guard (Vaults:5)
  An ironbound convoker (Vaults:5)
  A deep elf archer (Elf:2)
  An air elemental (Elf:1)
  A water elemental (Elf:3)
  2 humans (D:14)
  A boggart (D:12)
  An orc (Orc:1)
  1559 foxfires
1568 creatures vanquished.

Grand Total: 3726 creatures vanquished

Table legend: (Time is in decaauts)
 A = Elapsed time spent in this place.
 B = Non-inter-level travel time spent in this place.
 C = Inter-level travel time spent in this place.
 D = Time resting spent in this place.
 E = Time spent auto-exploring this place.
 F = Levels seen in this place.
 G = Mean time per level.
                   A        B        C        D        E       F      G
               +--------+--------+--------+--------+--------+-----+--------+
         Total |  64195 |  59236 |   4959 |  13739 |  34674 |  53 | 1211.2 |
       Dungeon |  18335 |  16277 |   2058 |   2089 |  10783 |  15 | 1222.3 |
          Lair |   6392 |   5521 |    871 |    485 |   3872 |   5 | 1278.4 |
        Shoals |   4888 |   4748 |    140 |    709 |   3353 |   4 | 1222.0 |
   Spider Nest |   6423 |   6003 |    420 |   1868 |   3236 |   4 | 1605.8 |
    Slime Pits |   6444 |   6271 |    173 |   3274 |   2061 |   5 | 1288.8 |
  Orcish Mines |   2552 |   2252 |    300 |    701 |   1008 |   2 | 1276.0 |
   Elven Halls |   3359 |   3152 |    207 |    309 |   2327 |   3 | 1119.7 |
        Vaults |   7984 |   7328 |    656 |   1753 |   4755 |   5 | 1596.8 |
         Crypt |   4250 |   4121 |    129 |   1084 |   2287 |   3 | 1416.7 |
        Bazaar |    153 |    153 |      0 |     62 |     70 |   1 |  153.0 |
         Trove |     93 |     93 |      0 |      0 |      0 |   1 |   93.0 |
        Bailey |   1141 |   1141 |      0 |    683 |    170 |   1 | 1141.0 |
      Ice Cave |    760 |    760 |      0 |    246 |    369 |   1 |  760.0 |
       Volcano |    445 |    445 |      0 |    102 |    105 |   1 |  445.0 |
        Wizlab |    611 |    611 |      0 |    353 |    155 |   1 |  611.0 |
      Gauntlet |    358 |    358 |      0 |     20 |    123 |   1 |  358.0 |
               +--------+--------+--------+--------+--------+-----+--------+

Top non-repeatable levels by time:
Spider:3: 2518 daAuts
Vaults:4: 2442 daAuts
    D:15: 2181 daAuts
 Slime:4: 2176 daAuts
Spider:1: 1979 daAuts
  Lair:5: 1928 daAuts
Vaults:3: 1903 daAuts
Vaults:2: 1901 daAuts
 Crypt:3: 1854 daAuts
    D:13: 1776 daAuts
   Orc:1: 1752 daAuts
 Slime:5: 1718 daAuts
Vaults:1: 1710 daAuts
Shoals:4: 1656 daAuts
    D:12: 1520 daAuts

Table legend:
 A = Non-vault XP
 B = Vault XP
 C = Vault XP percentage of total XP
 D = Non-vault monster count
 E = Vault monster count
 F = Vault count percentage of total count
                 A         B        C        D         E       F
            +---------+---------+-------+---------+---------+-------
      Total |  537819 |  464341 |  46.3 |    1368 |     776 |  36.2
            +---------+---------+-------+---------+---------+-------
        D:1 |      68 |       0 |   0.0 |      23 |       0 |   0.0
        D:2 |     100 |       0 |   0.0 |      15 |       0 |   0.0
        D:3 |     254 |      36 |  12.4 |      16 |       1 |   5.9
        D:4 |     453 |     262 |  36.6 |      13 |       2 |  13.3
        D:5 |     762 |    1199 |  61.1 |      19 |       3 |  13.6
        D:6 |    1140 |     884 |  43.7 |      21 |       5 |  19.2
        D:7 |     827 |     213 |  20.5 |      24 |      19 |  44.2
        D:8 |    1786 |    1178 |  39.7 |      28 |       2 |   6.7
        D:9 |    2009 |     870 |  30.2 |      35 |       2 |   5.4
       D:10 |    1562 |    1606 |  50.7 |      10 |       2 |  16.7
       D:11 |    2461 |    3292 |  57.2 |      18 |       9 |  33.3
       D:12 |    3736 |    4855 |  56.5 |       7 |      26 |  78.8
       D:13 |   11433 |   11935 |  51.1 |      25 |      14 |  35.9
       D:14 |   18393 |   14126 |  43.4 |      37 |      35 |  48.6
       D:15 |    5747 |   15112 |  72.4 |      10 |      26 |  72.2
     Lair:1 |    5315 |    2860 |  35.0 |      24 |      11 |  31.4
     Lair:2 |    8954 |    4648 |  34.2 |      29 |      11 |  27.5
     Lair:3 |    4787 |    5452 |  53.2 |      14 |       8 |  36.4
     Lair:4 |   12954 |       0 |   0.0 |      38 |       0 |   0.0
     Lair:5 |   17424 |   15700 |  47.4 |      47 |      32 |  40.5
   Shoals:1 |   11518 |       0 |   0.0 |      24 |       0 |   0.0
   Shoals:2 |   18629 |       0 |   0.0 |      37 |       0 |   0.0
   Shoals:3 |   17910 |    5587 |  23.8 |      34 |      11 |  24.4
   Shoals:4 |   20976 |   27751 |  57.0 |      45 |      38 |  45.8
   Spider:1 |   16798 |    3668 |  17.9 |      45 |       2 |   4.3
   Spider:2 |    6620 |    1313 |  16.6 |      17 |       1 |   5.6
   Spider:3 |   26204 |    2109 |   7.4 |      60 |       1 |   1.6
   Spider:4 |   13918 |   19420 |  58.3 |      31 |      39 |  55.7
    Slime:1 |   12802 |       0 |   0.0 |      24 |       0 |   0.0
    Slime:2 |   12370 |       0 |   0.0 |      42 |       0 |   0.0
    Slime:3 |   14608 |     300 |   2.0 |      19 |       7 |  26.9
    Slime:4 |   24218 |    3350 |  12.2 |      39 |       3 |   7.1
    Slime:5 |   12387 |   24655 |  66.6 |      24 |      18 |  42.9
      Orc:1 |    5192 |   11541 |  69.0 |      61 |      32 |  34.4
      Orc:2 |    5620 |    9268 |  62.3 |      49 |      23 |  31.9
      Elf:1 |   20700 |    8627 |  29.4 |      33 |      12 |  26.7
      Elf:2 |   15514 |    1662 |   9.7 |      29 |       2 |   6.5
      Elf:3 |   26691 |   26231 |  49.6 |      44 |      24 |  35.3
   Vaults:1 |   27817 |   13660 |  32.9 |      40 |      15 |  27.3
   Vaults:2 |   15879 |   24226 |  60.4 |      33 |      29 |  46.8
   Vaults:3 |   15245 |   21262 |  58.2 |      24 |      26 |  52.0
   Vaults:4 |   28549 |   42652 |  59.9 |      48 |      39 |  44.8
   Vaults:5 |    2895 |   24175 |  89.3 |       4 |      29 |  87.9
    Crypt:1 |   32676 |    4048 |  11.0 |      54 |       6 |  10.0
    Crypt:2 |   31449 |    5201 |  14.2 |      54 |       7 |  11.5
    Crypt:3 |       0 |   62195 | 100.0 |       0 |      92 | 100.0
     Bailey |       0 |    1814 | 100.0 |       0 |      36 | 100.0
      IceCv |       0 |   13533 | 100.0 |       0 |      37 | 100.0
    Volcano |       0 |    6273 | 100.0 |       0 |      14 | 100.0
     WizLab |       0 |   13736 | 100.0 |       0 |      18 | 100.0
   Gauntlet |     469 |    1856 |  79.8 |       1 |       7 |  87.5
            +---------+---------+-------+---------+---------+-------
